 Dungeon Crawl Stone Soup version 0.26-a0-597-gb535b0901c (webtiles) character file.

Game seed: 15848389521569098131

40 Alarkh the Insei (level 3, 28/28 HPs)
             Began as a Demonspawn Gladiator on Sept 14, 2020.
             Got out of the dungeon alive.
             The game lasted 00:00:51 (1374 turns).

Alarkh the Insei (Demonspawn Gladiator)             Turns: 1374, Time: 00:00:51

Health: 28/28      AC:  4    Str: 14    XL:     3   Next: 30%
Magic:  3/3        EV: 12    Int: 10    God:
Gold:   194        SH:  0    Dex: 14    Spells: 2/2 levels left

rFire    . . .     SeeInvis .     - Unarmed
rCold    . . .     Faith    .   (no shield)
rNeg     . . .     Spirit   .   a - +0 leather armour
rPois    .         Reflect  .   b - +0 helmet
rElec    .         Harm     .   (no cloak)
rCorr    .                      (no gloves)
MR       .....                  (no boots)
Stlth    +.........             (no amulet)
HPRegen  0.09/turn              f - ring of flight
MPRegen  0.08/turn              (no ring)

@: no status effects
A: rot immunity
a: Evoke Flight


You escaped.
You visited 1 branch of the dungeon, and saw 2 of its levels.

You collected 194 gold pieces.

Inventory:

Missiles
 c - 3 throwing nets (quivered)
Armour
 a - a +0 leather armour (worn)
 b - a +0 helmet (worn)
Jewellery
 f - a ring of flight (left hand)
Scrolls
 e - 2 scrolls of identify {unknown}
 g - a scroll of fog {unknown}
 h - a scroll of teleportation {unknown}
 k - a scroll of remove curse {unknown}
Potions
 d - a potion of cancellation {unknown}
 i - a potion of degeneration {unknown}
 j - a potion of might {unknown}
 l - a potion of lignification {unknown}


   Skills:
 + Level 2.6 Fighting
 - Level 1.7 Throwing
 - Level 2.6 Dodging
 * Level 3.6 Unarmed Combat


You had 2 spell levels left.
You didn't know any spells.
Your spell library was empty.

Dungeon Overview and Level Annotations

Branches:
Dungeon (2/15)

Altars:


Innate Abilities, Weirdness & Mutations

You are immune to rotting.


Message History

No target in view!
No target in view!
No target in view!
No target in view!
No target in view!
No target in view!
No target in view!
No target in view!
No target in view!
You see here a bat corpse.
You see here a stone.
You see here a stone.
You see here 19 stones.
There is a stone staircase leading up here.
You climb upwards.
There is a stone staircase leading down here.
HP restored.
There is a staircase leading out of the dungeon here.
Are you sure you want to leave the Dungeon?
This will make you lose the game!
You have escaped!

....# #........###........# #.[.
###.###.......## ##.......# ##...
#...........# #.......# #..[.
#.##........## ##.......###....
#.###........###.....[...##....
#.# #..........................
#.# #..###.........###..##..###
#.# #.## ##.......## ##.##..# #.#
#.# #...@...# #.##..# #.###.##
##.......## ##.##..#
#.##...###.........###..##..#
#.......................##..###
#####........###........##..##.
#.......## ##.......##.....
#######.......# #..............
#.......).....## ##.......##.##.#
..#####........###.........#.##.#


There were no monsters in sight!

Vanquished Creatures
  An adder (D:2)
  A leopard gecko (D:1)
  A giant cockroach (D:2)
  6 hobgoblins
  4 kobolds
  4 bats
  3 frilled lizards
  4 goblins (D:1)
  4 rats
28 creatures vanquished.

Notes
Turn   | Place    | Note
-------+----------+-------------------------------------------
     0 | D:1      | Alarkh the Demonspawn Gladiator began the quest for the
                  | Orb.
     0 | D:1      | Reached XP level 1. HP: 16/16 MP: 1/1
   129 | D:1      | Reached skill level 3 in Unarmed Combat
   146 | D:1      | Gained mutation: You are immune to rotting. [demonic
                  | ancestry]
   146 | D:1      | Reached XP level 2. HP: 18/22 MP: 2/2
  1036 | D:2      | Reached XP level 3. HP: 28/28 MP: 3/3
  1374 | D:$      | Got out of the dungeon alive.

Illustrated notes

Levels and vault maps discovered:
D:1:      minmay_arrival_four_circles, layout_loops_ring, minivault_5
D:2:      layout_loops_corners

Skill      XL: |  1 |
---------------+----+-----
Unarmed Combat | 3 |  3.6
Fighting       | |  2.6
Throwing       | |  1.7
Dodging        | |  2.6

Action                   || total
-------------------------++-------
Melee: Unarmed           ||   106
       Punch             ||     1
 Stab: Sleeping          ||     1
Armor: Leather armour    ||    40
Dodge: Dodged            ||    62

Table legend: (Time is in decaauts)
 A = Elapsed time spent in this place.
 B = Non-inter-level travel time spent in this place.
 C = Inter-level travel time spent in this place.
 D = Time resting spent in this place.
 E = Time spent auto-exploring this place.
 F = Levels seen in this place.
 G = Mean time per level.
                   A        B        C        D        E       F      G
               +--------+--------+--------+--------+--------+-----+--------+
         Total |   1367 |   1275 |     92 |      0 |   1065 |   2 |  683.5 |
       Dungeon |   1367 |   1275 |     92 |      0 |   1065 |   2 |  683.5 |
               +--------+--------+--------+--------+--------+-----+--------+

Top non-repeatable levels by time:
     D:1: 843 daAuts
     D:2: 523 daAuts
